 Dungeon Sprint DCSS version 0.19.0-24-gb05acd6 (webtiles) character file.

86 Groucho the Covert (level 4, -10/21 HPs)
             Began as a Spriggan Enchanter on Nov 21, 2016.
             Was an Initiate of Gozag.
             Killed from afar by an oklob sapling (13 damage)
             ... with a splash of acid
             ... in the Dungeon (Sprint IV: "Fedhas' Mad Dash").
             The game lasted 00:01:16 (409 turns).

Groucho the Covert (Spriggan Enchanter)              Turns: 409, Time: 00:01:16

Health: -10/21     AC:  3    Str:  5    XL:     4   Next: 26%
Magic:  7/9        EV: 18    Int: 16    God:    Gozag
Gold:   101        SH:  0    Dex: 16    Spells: 1 memorised, 7 levels left

rFire  . . .     SeeInvis +     a - +1 dagger
rCold  . . .     Gourm    .     b - +1 robe
rNeg   . . .     Faith    .     (shield restricted)
rPois  .         Spirit   .     (helmet restricted)
rElec  .         Reflect  .     (no cloak)
rCorr  .         Harm     .     (gloves unavailable)
MR     .....     NoTele   +     (boots unavailable)
Stlth  +++++.....               i - amulet of invisibility {+Inv}
                                (no ring)
                                (no ring)

@: very slightly contaminated, invisible, very quick
A: unfitting armour, see invisible, herbivore 3, speed 3, slow metabolism 2
a: Potion Petition, Call Merchant, Bribe Branch, Renounce Religion, Turn Visible


You were in the Dungeon.
You worshipped Gozag.
Gozag was aware of your devotion.
You were not hungry.

You visited 1 branch You collected 101 gold pieces.

Inventory:

Hand Weapons
 a - a +1 dagger (weapon)
Armour
 b - a +1 robe (worn)
Jewellery
 i - the amulet of invisibility (around neck) {+Inv}
   (You found it in the Dungeon)

   [amulet of nothing]

   It lets you turn invisible.
Scrolls
 j - a scroll of blinking
Potions
 e - a potion of curing
 f - a potion of heal wounds
 g - a potion of haste
 h - 2 potions of magic
Books
 c - a book of Maledictions

   Spells                             Type                      Level
   a - Corona                         Hexes                        1
   b - Ensorcelled Hibernation        Hexes/Ice                    2
   c - Confuse                        Hexes                        3
   d - Tukima's Dance                 Hexes                        3
   e - Dazzling Spray                 Conjuration/Hexes            3
Comestibles
 d - a bread ration


   Skills:
 - Level 1.1 Short Blades
 - Level 3.0 Dodging
 * Level 12.1 Stealth
 - Level 2.6 Spellcasting
 - Level 3.6 Hexes
 * Level 4.9 Evocations


You had 7 spell levels left.
You knew the following spells:

 Your Spells              Type           Power        Failure   Level  Hunger
a - Corona                Hex            ##.....      6%          1    #......


Dungeon Overview and Level Annotations

Branches:
Dungeon (1/1)

Altars:
Cheibriados
Dithmenos
Elyvilon
Gozag
Hepliaklqana
Kikubaaqudgha
Makhleb
Nemelex Xobeh
Okawaru
Qazlal
Ru
Sif Muna
Trog
Uskayaw
Vehumet
Xom
Yredelemnul
Zin
The Shining One
Beogh
Jiyva
Lugonu

Annotations:
D exclusion: 2 oklob saplings


Innate Abilities, Weirdness & Mutations

You are very small and have problems with some larger weapons.
You are too small for most types of armour.
You have supernaturally acute eyesight. (SInv)
You are a herbivore.
You cover ground extremely quickly.
You need consume almost no food.


Message History

You fade into invisibility!
You are very lightly contaminated with residual magic.
You feel somewhat more hungry.
Really walk into a travel-excluded area?
You see here 10 gold pieces.
You hit the oklob sapling but do no damage.
The oklob sapling spits acid at you. The splash of acid misses you.
You hit the oklob sapling but do no damage.
You hit the oklob sapling but do no damage.
You hit the oklob sapling but do no damage.
The oklob sapling spits acid at you. The splash of acid hits you!
You are splashed with acid!
The acid burns!
* * * LOW HITPOINT WARNING * * *
You hit the oklob sapling but do no damage.
The oklob sapling spits acid at you. The splash of acid hits you!
Ouch! That really hurt!
You die...
Your body crumbles into a pile of gold.

#############################
#<..P#.....#.$...#.⌠._._._._.
#PP..÷÷(...'@#.[.'.._._._._._
#PPPP#.....#P#†..#..._._._._.
###############+##.._._._._._
#.⌠._._._._. $ $############


$$$$ $ $$ You could see an oklob sapling.

Vanquished Creatures
  An oklob sapling (D)
  A worker ant (D)
  A river rat (D)
  A rat (D)
4 creatures vanquished.

Notes
Turn   | Place    | Note
-------+----------+-------------------------------------------
     0 | D        | Groucho the Spriggan Enchanter began the quest for the Orb.
     0 | D        | Reached XP level 1. HP: 9/9 MP: 5/5
    13 | D        | Reached skill level 7 in Stealth
    13 | D        | Reached XP level 2. HP: 12/13 MP: 6/6
   229 | D        | Noticed an oklob sapling
   233 | D        | Reached skill level 10 in Stealth
   233 | D        | Reached XP level 3. HP: 16/16 MP: 8/8
   249 | D        | Found an opulent altar of Gozag.
   249 | D        | Found a hazy altar of Hepliaklqana.
   249 | D        | Found a roughly hewn altar of Beogh.
   249 | D        | Found a snail-covered altar of Cheibriados.
   250 | D        | Found a viscous altar of Jiyva.
   250 | D        | Found a burning altar of Makhleb.
   250 | D        | Found a sparkling altar of Nemelex Xobeh.
   250 | D        | Found a sacrificial altar of Ru.
   250 | D        | Found a deep blue altar of Sif Muna.
   250 | D        | Found a bloodstained altar of Trog.
   250 | D        | Found a shimmering altar of Xom.
   250 | D        | Found a basalt altar of Yredelemnul.
   250 | D        | Noticed an oklob sapling priest
   251 | D        | Found an iron altar of Okawaru.
   251 | D        | Found a shadowy altar of Dithmenos.
   251 | D        | Found a glowing silver altar of Zin.
   252 | D        | Found an ancient bone altar of Kikubaaqudgha.
   252 | D        | Found a hide-covered altar of Uskayaw.
   253 | D        | Found a stormy altar of Qazlal.
   253 | D        | Found a white marble altar of Elyvilon.
   253 | D        | Found a glowing golden altar of the Shining One.
   254 | D        | Became a worshipper of Gozag Ym Sagoz the Greedy
   255 | D        | Found a corrupted altar of Lugonu.
   255 | D        | Found a radiant altar of Vehumet.
   258 | D        | Killed an oklob sapling priest
   258 | D        | Reached skill level 12 in Stealth
   258 | D        | Reached XP level 4. HP: 21/21 MP: 6/9
   409 | D        | Killed from afar by an oklob sapling

Skill      XL: |  1  2  3 |
---------------+----------+-----
Stealth        | 7 10 12 | 12.1
Evocations     | 4 |  4.9
Short Blades   | |  1.1
Dodging        | |  3.0
Spellcasting   | |  2.6
Hexes          | |  3.6

Action                   |  1- 3 |  4- 6 || total
-------------------------+-------+-------++-------
Melee: Dagger            |     6 |     6 ||    12
 Abil: Evoke Invisibilit |     1 |     1 ||     2
  Use: Potion            |     1 |       ||     1
 Stab: Sleeping          |     2 |       ||     2
Armor: Robe              |     1 |       ||     1
Dodge: Dodged            |     1 |     2 ||     3
